 Dungeon Crawl Stone Soup version 0.30-a0-916-g9813417 (webtiles) character file.

Game seed: 18055406916810850544

3289 Dorkslayer the Covered (level 10, -2/60 HPs)
             Began as a Gargoyle Fighter on Mar 20, 2023.
             Was a Priest of Okawaru.
             Killed from afar by a gargoyle (26 damage)
             ... with a stone arrow
             ... on level 7 of the Dungeon.
             The game lasted 00:18:34 (5922 turns).

Dorkslayer the Covered (Gargoyle Fighter)           Turns: 5922, Time: 00:18:34

Health: -2/60      AC: 28    Str: 21    XL:     10   Next: 1%
Magic:  13/13      EV: 12    Int:  8    God:    Okawaru [***...]
Gold:   520        SH:  5    Dex: 13    Spells: 9/9 levels left

rFire   . . .      SeeInvis .    a - +1 war axe
rCold   . . .      Faith    .    c - +0 buckler
rNeg    + . .      Spirit   .    C - +1 plate armour
rPois   ∞          Reflect  .    m - +0 helmet
rElec   +          Rampage  .    v - +0 cloak
rCorr   .                        s - +0 pair of gloves
Will    .....                    (no boots) Stlth
                                 (no amulet)
HPRegen 0.30/turn                b - +4 ring of protection
MPRegen 0.13/turn                p - +5 ring of evasion

@: no status effects
A: sickness immunity, AC +7, negative energy resistance 1, electricity
resistance, torment resistance 1, petrification resistance
a: Renounce Religion, Heroism


You were on level 7 of the Dungeon.
You worshipped Okawaru.
Okawaru was most pleased with you.
You visited 2 branches of the dungeon, and saw 8 of its levels.

You collected 520 gold pieces.

Inventory:

Hand Weapons
 a - a +1 war axe (weapon)
Missiles
 B - a boomerang (quivered)
Armour
 c - a +0 buckler (worn)
 m - a +0 helmet (worn)
 s - a +0 pair of gloves (worn)
 v - a +0 cloak (worn)
 C - a +1 plate armour (worn)
Jewellery
 b - a +4 ring of protection (left hand)
 o - a ring of flight
 p - a +5 ring of evasion (right hand)
Wands
 q - a wand of light (1)
Scrolls
 e - 3 scrolls of teleportation
 f - a scroll of fear
 l - a scroll of magic mapping
 t - a scroll of poison
 x - 2 scrolls of blinking
Potions
 d - 3 potions of might
 g - a potion of haste
 h - a potion of magic
 i - a potion of lignification
 j - a potion of brilliance {unknown}
 k - a potion of berserk rage {unknown}
 r - a potion of resistance {unknown}
 z - 4 potions of attraction
 A - a potion of flight


   Skills:
 + Level 6.0 Fighting
 + Level 4.4 Axes
 + Level 6.0 Armour
 * Level 5.3 Dodging
 + Level 6.0 Shields
 * Level 5.2 Invocations
 * Level 5.2 Evocations


You had 9 spell levels left.
You didn't know any spells.
Your spell library contained the following spells:

 Spells                   Type           Power      Damage    Failure   Level
 Magic Dart               Conj           0%         1d3       100%        1
 Sting                    Tmut/Pois      0%         1d3       100%        1
 Poisonous Vapours        Pois/Air       0%         N/A       100%        2
 Wereblood                Tmut           0%         N/A       100%        2
 Mephitic Cloud           Conj/Pois/Air  0%         N/A       100%        3
 Olgreb's Toxic Radiance  Pois           0%         N/A       100%        4
 Orb of Destruction       Conj           0%         9d5       100%        7
 Call Imp                 Summ           Unusable   N/A       N/A         2
 Sublimation of Blood     Necr           Unusable   N/A       N/A         2
 Summon Guardian Golem    Hex/Summ       Unusable   N/A       N/A         3
 Spellforged Servitor     Conj/Summ      Unusable   N/A       N/A         7
 Summon Hydra             Summ           Unusable   N/A       N/A         7

Dungeon Overview and Level Annotations

Branches:
Dungeon (7/15)             Temple (1/1) D:4

Altars:
Ashenzari
Cheibriados
Dithmenos
Elyvilon
Fedhas
Gozag
Hepliaklqana
Kikubaaqudgha
Makhleb
Nemelex Xobeh
Okawaru
Qazlal
Ru
Sif Muna
Trog
Wu Jian
Xom
Yredelemnul
Zin
The Shining One

Annotations:
D:7 Joseph


Innate Abilities, Weirdness & Mutations

You are immune to sickness and miasma.
Your stone body is resilient. (AC +7)
You are immune to poison.
You resist negative energy. (rN+)
You are resistant to electric shocks. (rElec)
You are resistant to unholy torment.
You are immune to petrification.


Message History

The jelly is moderately wounded.
The jelly hits you but does no damage. x2
You hit the jelly.
Your hands burn!
The jelly is heavily wounded.
The jelly misses you.
You hit the jelly.
Your hands burn!
The jelly is heavily wounded.
The jelly hits you.
You are splashed with acid.
The jelly misses you.
You slash the jelly!
Your hands burn!
The jelly is almost dead.
You block the jelly's attack.
You barely miss the jelly.
The jelly is almost dead.
The jelly hits you but does no damage.
You hit the jelly.
Your hands burn!
The jelly is almost dead.
The jelly hits you but does no damage.
The jelly jiggles.
You block the jelly's attack.
You slash the jelly!
You kill the jelly!
Okawaru accepts your kill.
You have reached level 10!
Joseph, a Mercenary comes into view.
He is wielding a +0 quarterstaff.
Joseph shouts!
A gargoyle comes into view. It is wielding a +0 morningstar.
A gargoyle comes into view. It is wielding a +0 flail.
A gargoyle and a jelly come into view.
Found a scroll of immolation.
The jelly quivers.
Joseph unwields a +0 quarterstaff.
Joseph wields a +0 sling.
Joseph shoots a sling bullet.
The sling bullet hits you. 2 gargoyles come into view.
The gargoyle hurls a stone arrow at you.
The stone arrow misses you.
The gargoyle hurls a stone arrow at you.
The stone arrow misses you.
The gargoyle hurls a stone arrow at you.
The stone arrow hits you!!
You die...

#............####*,,,**,,,,*#..
#....#######...* *,,,,,,,,.##..
#..###8###,###.##******........
#..#8##+..##8*..#*,,,#*........
#.##*+......###.#*,,.#,........
#.#8*......9#8#.#*,..#,[...##..
#.#*+...........##...#*....*#..
#.#*,..98..J.........#*....##..
#.#*+...9..@..@.#*,,,,,..,.....
#.#,*.....99#8#.#*,,,,,,,,z##..
#.##*.......###.#,,,,**,,,,*#..
#..#,##...##8#..#*,,,**,,,,*#..
##.###?###,###.##,,,,**,,,,....
#...#######...#*,,,,,,,,,..#..
###.........###*,,,,,*,,,.,###
########### *,,,,,*****,*
*****,* ***


You could see Joseph, 5 gargoyles and a jelly.

Vanquished Creatures
  Prince Ribbit (D:6)
  2 steam dragons
  A water moccasin (D:6)
  2 orc warriors
  2 black bears
  A sky beast (D:6)
  2 ogres (D:4)
  A centaur (D:7)
  3 phantoms
  A bullfrog (D:6)
  A gnoll sergeant (D:6)
  2 scorpions
  3 wights (D:7)
  4 howler monkeys
  4 jellies
  Crazy Yiuf (D:3)
  2 gnoll boudas
  4 orc priests
  A hound (D:4)
  2 sleepcaps
  Ijyb (D:2)
  5 iguanas
  2 orc wizards (D:7)
  Terence (D:3)
  8 adders
  32 gnolls
  A shadow imp (D:6)
  A white imp (D:6)
  4 worms
  3 dart slugs
  36 orcs
  7 bats
  7 endoplasms
  10 giant cockroaches
  11 goblins
  8 hobgoblins
  13 jackals
  8 kobolds
  4 quokkas
  5 ball pythons
  2 frilled lizards (D:1)
  A rat (D:3)
  A spectral kobold (D:1)
211 creatures vanquished.

Vanquished Creatures (others)
  An orc wizard (D:4)
  A gnoll (D:4)
  An orc (D:4)
  8 plants (D:4)
11 creatures vanquished.

Grand Total: 222 creatures vanquished

Notes
Turn   | Place    | Note
-------+----------+-------------------------------------------
     0 | D:1      | Dorkslayer the Gargoyle Fighter began the quest for the
                  | Orb.
     0 | D:1      | Reached XP level 1. HP: 14/14 MP: 1/1
   150 | D:1      | Reached XP level 2. HP: 18/19 MP: 2/2
   266 | D:1      | Found a faded altar of an unknown god.
   978 | D:2      | Reached skill level 1 in Dodging
   978 | D:2      | Reached XP level 3. HP: 23/23 MP: 3/3
  1190 | D:2      | Found a sacrificial altar of Ru.
  1197 | D:2      | Reached XP level 4. HP: 29/29 MP: 4/4
  1552 | D:2      | Noticed Ijyb
  1566 | D:2      | Killed Ijyb
  1743 | D:3      | Noticed Terence
  1753 | D:3      | Killed Terence
  1754 | D:3      | Reached XP level 5. HP: 22/33 MP: 5/5
  1829 | D:3      | Found a runed translucent door.
  1830 | D:3      | Noticed Crazy Yiuf
  1841 | D:3      | Killed Crazy Yiuf
  1842 | D:3      | Reached skill level 1 in Evocations
  2108 | D:3      | Reached XP level 6. HP: 38/38 MP: 6/6
  2943 | D:4      | Found a staircase to the Ecumenical Temple.
  3045 | Temple   | Entered the Ecumenical Temple
  3053 | Temple   | Became a worshipper of Warmaster Okawaru
  3190 | D:4      | Reached XP level 7. HP: 44/44 MP: 7/7
  3327 | D:4      | Reached * piety under Okawaru
  3614 | D:4      | Reached skill level 1 in Invocations
  3678 | D:4      | Reached XP level 8. HP: 43/48 MP: 8/8
  4046 | D:5      | Entered Level 5 of the Dungeon
  4127 | D:5      | Reached skill level 5 in Armour
  4131 | D:5      | Reached skill level 5 in Fighting
  4508 | D:5      | Reached skill level 5 in Shields
  4669 | D:6      | Reached ** piety under Okawaru
  4709 | D:6      | Found a basalt altar of Yredelemnul.
  4732 | D:6      | Reached XP level 9. HP: 23/54 MP: 11/11
  4874 | D:6      | Found an opulent altar of Gozag.
  4902 | D:6      | Noticed Prince Ribbit
  4923 | D:6      | Killed Prince Ribbit
  5461 | D:7      | Reached skill level 5 in Dodging
  5535 | D:7      | Reached *** piety under Okawaru
  5536 | D:7      | Reached skill level 5 in Evocations
  5572 | D:7      | Reached skill level 5 in Invocations
  5915 | D:7      | Reached XP level 10. HP: 27/60 MP: 13/13
  5917 | D:7      | Noticed Joseph
  5918 | D:7      | Noticed a gargoyle
  5918 | D:7      | Noticed a gargoyle
  5919 | D:7      | Noticed a gargoyle
  5920 | D:7      | Noticed a gargoyle
  5920 | D:7      | Noticed a gargoyle
  5922 | D:7      | Killed from afar by a gargoyle

Illustrated notes

Levels and vault maps discovered:
D:1:      psy_arrival_heroes, layout_loops_ring,
          dreamdust_ecumenical_altar_drowned_temple,
          chequers_serial_rivers_micro_d, minmay_tripent
D:2:      kennysheep_the_goblin_king, layout_loops_ring, basic_altar
D:3:      wander_river, layout_rooms, uniq_crazy_yiuf_cottage, uniq_terence
D:4:      lemuel_castle_with_subvaults [lemuel_castle_interior_original],
          layout_layer_cave, minmay_temple_entry_gardened_gates,
          grunt_ministairs_5, grunt_decor_arrowhead,
          kennysheep_opposing_triangles
D:5:      layout_cave_pools, hangedman_abyss_or_decor_lesser_grid,
          grunt_decor_fettered
D:6:      kennysheep_six_static_rooms, layout_basic,
          mainiacjoe_overflow_catwalk_spiral, uniq_prince_ribbit1
D:7:      cheibrodos_statue_roulette, layout_gridville, uniq_joseph
Temple:   sentei_temple_godly_chess

Skill      XL: |  1  2  3  4  5  6  7  8  9 |
---------------+----------------------------+-----
Axes           | 2 3 4 |  4.4
Dodging        | 1 2 3 4 5 |  5.3
Armour         | 4 5 6 |  6.0
Fighting       | 4 5 6 |  6.0
Shields        | 4 5 6 |  6.0
Evocations     | 1 2 3 4 5 |  5.2
Invocations    | 1 3 5 |  5.2

Action                     |  1- 3 |  4- 6 |  7- 9 | 10-12 || total
---------------------------+-------+-------+-------+-------++-------
  Melee: War axe           |   104 |   223 |   408 |       ||   735
  Throw: Boomerang         |       |       |    20 |       ||    20
  Evoke: Wand              |       |     2 |     6 |       ||     8
    Use: Potion            |       |       |     6 |       ||     6
         Scroll            |       |       |    16 |       ||    16
   Stab: Invisible         |       |       |     1 |       ||     1
 Armour: Scale mail        |    78 |    25 |       |       ||   103
         Chain mail        |       |    86 |   184 |       ||   270
         Plate armour      |       |       |   135 |       ||   135
  Dodge: Dodged            |    51 |   221 |   339 |     2 ||   613
  Block: Buckler           |    40 |    77 |   141 |       ||   258

Table legend: (Time is in decaauts)
 A = Elapsed time spent in this place.
 B = Non-inter-level travel time spent in this place.
 C = Inter-level travel time spent in this place.
 D = Time resting spent in this place.
 E = Time spent auto-exploring this place.
 F = Levels seen in this place.
 G = Mean time per level.
                   A        B        C        D        E       F      G
               +--------+--------+--------+--------+--------+-----+--------+
         Total |   6215 |   6215 |      0 |     73 |   2525 |   8 |  776.9 |
       Dungeon |   6202 |   6202 |      0 |     73 |   2525 |   7 |  886.0 |
        Temple |     12 |     12 |      0 |      0 |      0 |   1 |   12.0 |
               +--------+--------+--------+--------+--------+-----+--------+

Top non-repeatable levels by time:
     D:4: 1901 daAuts
     D:1: 991 daAuts
     D:6: 874 daAuts
     D:2: 823 daAuts
     D:5: 591 daAuts
     D:3: 520 daAuts
     D:7: 500 daAuts
  Temple: 12 daAuts
